 Dungeon Crawl Stone Soup version 0.29-a0-723-gce39da1c22 (webtiles) character file.

Game seed: 18414507339940349521

1217 marklar909 the Chopper (level 8, -9/65 HPs)
             Began as a Palentonga Fighter on June 28, 2022.
             Mangled by a boulder beetle (19 damage)
             ... on level 6 of the Dungeon.
             The game lasted 00:09:39 (5727 turns).

marklar909 the Chopper (Palentonga Fighter)         Turns: 5727, Time: 00:09:41

Health: -9/65      AC: 15    Str: 22    XL:     8   Next: 22%
Magic:  8/8        EV:  9    Int:  9    God:
Gold:   303        SH:  9    Dex:  9    Spells: 7/7 levels left

rFire   + . .      SeeInvis +   a - +1 war axe
rCold   . . .      Faith    .   c - +0 buckler
rNeg    . . .      Spirit   .   m - +0 acid dragon scales
rPois   +          Reflect  +   (no helmet)
rElec   .          Harm     .   (no cloak)
rCorr   +          Rampage  .   g - +0 pair of gloves
Will    .....                   (no barding)
Stlth   +.........              p - amulet of reflection
HPRegen 0.20/turn               l - ring of flight
MPRegen 0.11/turn               n - ring of False Hope {rPois rF+}

@: flying, studying Ice Magic, curled up
A: large, rugged brown scales 3, see invisible, deformed body, roll 1, armoured
tail, reflexive curl
a: Rolling Charge


You were on level 6 of the Dungeon.
You visited 2 branches of the dungeon, and saw 7 of its levels.

You collected 303 gold pieces.

Inventory:

Hand Weapons
 a - a +1 war axe (weapon)
 k - a +0 broad axe
Armour
 c - a +0 buckler (worn)
 g - a +0 pair of gloves (worn)
 m - +0 acid dragon scales (worn)
Jewellery
 j - an amulet of faith
 l - a ring of flight (left hand)
 n - the ring of False Hope (right hand) {rPois rF+}
   (You acquired it on level 5 of the Dungeon)

   [ring of poison resistance]

   rF:        It protects you from fire.
   rPois:     It protects you from poison.
 p - an amulet of reflection (around neck)
Scrolls
 i - a scroll of magic mapping
 s - a scroll of identify
Potions
 b - a potion of haste {unknown}
 d - a potion of berserk rage {unknown}
 e - 2 potions of resistance {unknown}
 f - 2 potions of magic
 h - 2 potions of curing {unknown}
 o - a potion of invisibility {unknown}


   Skills:
 + Level 4.7 Fighting
 + Level 7.1 Axes
 + Level 4.5 Armour
 + Level 1.5 Dodging
 + Level 0.3 Stealth
 + Level 3.9 Shields


You had 7 spell levels left.
You didn't know any spells.
Your spell library contained the following spells:

 Spells                   Type           Power      Damage    Failure   Level
 Beastly Appendage        Tmut           0%         N/A       52%         1
 Wereblood                Tmut           0%         N/A       67%         2
 Conjure Flame            Conj/Fire      0%         6-21      88%         3
 Ignite Poison            Fire/Tmut/Pois 0%         N/A       88%         3
 Spider Form              Tmut/Pois      0%         N/A       88%         3
 Sticky Flame             Conj/Fire      0%         2d3       99%         4
 Alistair's Intoxication  Tmut/Pois      0%         N/A       100%        5
 Borgnjor's Vile Clutch   Necr/Erth      0%         N/A       100%        5
 Eringya's Noxious Bog    Tmut/Pois      0%         N/A       100%        6


Dungeon Overview and Level Annotations

Branches:
Dungeon (6/15)             Temple (1/1) D:6

Altars:
Ashenzari
Cheibriados
Dithmenos
Elyvilon
Fedhas
Hepliaklqana
Kikubaaqudgha
Makhleb
Nemelex Xobeh
Qazlal
Ru
Sif Muna
Uskayaw
Wu Jian
Xom
Yredelemnul
Zin
The Shining One


Innate Abilities, Weirdness & Mutations

You are completely covered in rugged brown scales. (AC +3, +7% HP)
You have supernaturally acute eyesight. (SInv)
Armour fits poorly on your strangely shaped body.
You can roll at nearby foes to attack.
You have a long armoured tail.
You curl defensively after being hit. (AC +7*)


Message History

The vampire mosquito bites you but does no damage.
The vampire mosquito closely misses you.
The vampire mosquito attacks as you move away!
The vampire mosquito closely misses you.
Found a stone staircase leading down.
The vampire mosquito bites you but does no damage.
The vampire mosquito bites you but does no damage.
The vampire mosquito closely misses you.
You miss the vampire mosquito. You tail-slap the vampire mosquito.
The vampire mosquito is heavily damaged.
You hit the boulder beetle but do no damage.
The vampire mosquito closely misses you.
You block the boulder beetle's attack.
The boulder beetle stops rolling and uncurls.
The vampire mosquito bites you!
The vampire mosquito draws strength from your injuries!
You block the boulder beetle's attack.
You miss the vampire mosquito.
The vampire mosquito is heavily damaged.
You hit the boulder beetle but do no damage.
The vampire mosquito bites you but does no damage. x2
The boulder beetle bites you!!
You block the vampire mosquito's attack.
Unknown command.
Okay, then.
Okay, then.
Okay, then.
As you read the scroll labelled QAFICW BANEM, it crumbles to dust.
Wisps of shadow whirl around you...
It was a scroll of summoning.
The vampire mosquito barely misses you. The boulder beetle bites you!
* * * LOW HITPOINT WARNING * * *
The shadow imp hits your adder but does no damage.
You block the vampire mosquito's attack.
As you read the scroll labelled GAINEZO REXOIF, it crumbles to dust.
The creatures around you are filled with an inner flame!
It was a scroll of immolation.
The vampire mosquito bites you.
* * * LOW HITPOINT WARNING * * *
The vampire mosquito draws strength from your injuries!
The boulder beetle bites you!!
You die...

#.#..# #.#>.
#.#.# #.o.
#.o# # #oo#
#.### #so#
#....##@# # #
#.5yB# .# #.
###S## #.##
#.####.###...#
#...○.....#
#...?.....#
#B.#..8..#..#
..
#.....##...#
#.
#..#.#..##..#


You could see a boulder beetle (inner flame, ally target), a vampire mosquito
(inner flame, ally target), a shadow imp (inner flame, ally target), a friendly
scorpion (summoned, inner flame), a friendly orc priest (summoned, inner flame),
a friendly adder (summoned, inner flame) and 4 friendly orcs.

Vanquished Creatures
  An acid dragon (D:5)
  A water moccasin (D:6)
  2 ice beasts
  A sky beast (D:6)
  A centaur (D:6)
  An ogre (D:6)
  Blork the orc (D:5)
  2 necrophages
  3 hounds
  A jelly (D:5)
  An iguana (D:4)
  An orc wizard (D:4)
  3 gnolls
  7 adders
  A worm (D:3)
  3 dart slugs
  14 orcs
  9 endoplasms
  5 giant cockroaches
  14 goblins
  10 hobgoblins
  4 jackals (D:1)
  A quokka (D:1)
  2 ball pythons (D:2)
  5 bats
  3 frilled lizards (D:1)
  6 kobolds
  6 rats
109 creatures vanquished.

Notes
Turn   | Place    | Note
-------+----------+-------------------------------------------
     0 | D:1      | marklar909 the Palentonga Fighter began the quest for the
                  | Orb.
     0 | D:1      | Reached XP level 1. HP: 19/19 MP: 1/1
     6 | D:1      | Noticed an iguana
     6 | D:1      | Noticed a killer bee
     6 | D:1      | Noticed a seven-headed hydra
     6 | D:1      | Noticed a black mamba
     6 | D:1      | Noticed a black bear
   155 | D:1      | Reached XP level 2. HP: 23/25 MP: 2/2
  1109 | D:2      | Reached XP level 3. HP: 31/31 MP: 3/3
  1293 | D:2      | Noticed a necrophage
  2320 | D:3      | Reached skill level 3 in Axes
  2502 | D:3      | Reached XP level 4. HP: 22/37 MP: 4/4
  2658 | D:3      | Identified a scroll of acquirement
  2659 | D:3      | Acquired a manual of Ice Magic
  3149 | D:2      | Killed a necrophage
  3150 | D:2      | Reached XP level 5. HP: 28/43 MP: 5/5
  3650 | D:4      | Reached skill level 4 in Axes
  3920 | D:4      | Reached XP level 6. HP: 28/51 MP: 6/6
  4374 | D:5      | Entered Level 5 of the Dungeon
  4393 | D:5      | Noticed an ice beast
  4409 | D:4      | Killed an ice beast
  4515 | D:5      | Noticed an acid dragon
  4620 | D:5      | Noticed Blork the orc
  4627 | D:5      | Killed Blork the orc
  4628 | D:5      | Reached skill level 5 in Axes
  4805 | D:5      | Killed an acid dragon
  4806 | D:5      | Gained mutation: You curl defensively after being hit. (AC
                  | +7*) [Palentonga growth]
  4806 | D:5      | Reached XP level 7. HP: 33/57 MP: 7/7
  4807 | D:5      | Reached skill level 1 in Dodging
  4999 | D:5      | Acquired the ring of False Hope {rPois rF+}
  5087 | D:5      | Reached skill level 6 in Axes
  5471 | D:6      | Reached XP level 8. HP: 51/65 MP: 8/8
  5544 | D:6      | Found a staircase to the Ecumenical Temple.
  5566 | Temple   | Entered the Ecumenical Temple
  5716 | D:6      | Noticed a boulder beetle
  5720 | D:6      | Reached skill level 7 in Axes
  5727 | D:6      | Mangled by a boulder beetle

Illustrated notes

Levels and vault maps discovered:
D:1:      onia_arrival_zoo_common, layout_basic, columned_hall_lemuel
D:2:      layout_basic, minmay_door_square, minmay_goblin_outpost
D:3:      kennysheep_big_flooded_room, layout_basic
D:4:      layout_basic, grunt_decor_cap
D:5:      layout_cave_pools, grunt_decor_fettered, uniq_blork_the_orc
D:6:      layout_loops_ring, minmay_temple_entry_waves, minmay_manual_maat
Temple:   compressed_dpeg_circular_temple

Skill      XL: |  1  2  3  4  5  6  7  8 |
---------------+-------------------------+-----
Shields        | 3 |  3.9
Armour         | 3 4 |  4.5
Axes           | 3 4 5 6 7 |  7.1
Fighting       | 4 |  4.7
Dodging        | 1 |  1.5
Stealth        | |  0.3

Action                   |  1- 3 |  4- 6 |  7- 9 || total
-------------------------+-------+-------+-------++-------
Melee: War axe           |   101 |   152 |    55 ||   308
       Tailslap          |    13 |    14 |    11 ||    38
 Abil: Rolling Charge    |    18 |    22 |     8 ||    48
  Use: Scroll            |       |    10 |     3 ||    13
       Potion            |       |     1 |       ||     1
 Stab: Distracted        |       |       |     1 ||     1
Armor: Scale mail        |    51 |    68 |       ||   119
       Acid dragon scale |       |       |    20 ||    20
Dodge: Dodged            |    48 |    43 |    21 ||   112
Block: Buckler           |    10 |    36 |    30 ||    76
       Reflection        |       |     1 |       ||     1

Table legend: (Time is in decaauts)
 A = Elapsed time spent in this place.
 B = Non-inter-level travel time spent in this place.
 C = Inter-level travel time spent in this place.
 D = Time resting spent in this place.
 E = Time spent auto-exploring this place.
 F = Levels seen in this place.
 G = Mean time per level.
                   A        B        C        D        E       F      G
               +--------+--------+--------+--------+--------+-----+--------+
         Total |   5839 |   4927 |    912 |    826 |   3190 |   7 |  834.1 |
       Dungeon |   5698 |   4926 |    772 |    826 |   3190 |   6 |  949.7 |
        Temple |    140 |      0 |    140 |      0 |      0 |   1 |  140.0 |
               +--------+--------+--------+--------+--------+-----+--------+

Top non-repeatable levels by time:
     D:4: 1435 daAuts
     D:1: 1215 daAuts
     D:2: 1197 daAuts
     D:3: 1039 daAuts
     D:5: 673 daAuts
  Temple: 140 daAuts
     D:6: 137 daAuts
